[Event "44th Chess Olympiad Women 2022"]
[Site "Chennai"]
[Date "2022.07.31"]
[Round "3.43"]
[White "Nassr, Lina"]
[Black "Kaslan, Catherine"]
[Result "1-0"]
[WhiteElo "2011"]
[BlackElo "1872"]
[Annotator "NA RC"]
[PlyCount "89"]
[EventDate "2022.??.??"]
[TimeControl "60"]

1. c4 e5 2. Nc3 Nf6 3. e3 d5 4. cxd5 Nxd5 5. Nf3 Nc6 6. Bb5 Nxc3 7. bxc3 Bg4 8. h3 Bd7 9. d4 exd4 10. cxd4 Bb4+ 11. Bd2 Qe7 12. O-O O-O 13. Bxb4 Qxb4 14. Rb1 Qd6 15. Qc2 Rab8 16. Rfd1 a6 17. Bd3 g6 18. Qc3 Rfc8 19. e4 b5 20. Bc2 b4 21. Qe3 Na5 22. e5 Qe7 23.
Qh6 Qf8 24. Qh4 c6 25. Ng5 h6 26. Ne4 Be6 27. Bb3 Nxb3 28. axb3 Bf5 29. Nf6+ Kg7 30. Rb2 Rd8 31. Qf4 Qe7 32. Rc1 Rbc8 33. Rc5 Qe6 34. Qd2 Rb8 35. g4 Qe7 36. gxf5 gxf5 37. Qf4 Qe6 38. f3 Kf8 39. d5 Rxd5 40. Qxh6+ Ke7 41. Nxd5+ cxd5 42. Qxe6+ Kxe6 43. f4 d4 44. Rd2 Rg8+ 45. Kh2 1-0

[Event "44th Chess Olympiad Women 2022"]
[Site "Chennai"]
[Date "2022.07.31"]
[Round "3.43"]
[White "Nassr, Rania"]
[Black "Kaslan, Alexandra"]
[Result "1-0"]
[WhiteElo "1737"]
[BlackElo "1435"]
[Annotator "NA"]
[PlyCount "87"]
[EventDate "2022.??.??"]
[TimeControl "60"]

1. d4 e6 2. Nf3 Nf6 3. e3 d5 4. Bd3 c5 5. b3 Nbd7 6. O-O Bd6 7. Bb2 O-O 8. Nbd2 Re8 9. Ne5 Qc7 10. f4 cxd4 11. exd4 Nf8 12. c4 b6 13. Rc1 Qb7 14. Qe2 Bd7 15. c5 Bxe5 16. fxe5 Ne4 17. Bxe4 dxe4 18. Nxe4 Bb5 19. Qxb5 Qxe4 20. cxb6 axb6 21. a4 Qe3+ 22. Kh1 Ng6 23. Rce1 Qg5 24. Qe2 Rac8 25. Qf3 Rc7 26. Rc1 Qe7 27. Rxc7 Qxc7 28. Rc1 Qd7 29. Qc6 Qxc6 30. Rxc6 Rb8 31. Ba3 h6 32. Bd6 Rb7 33. Rc8+ Kh7 34. Rc7 Rb8 35. Rxf7 Rc8 36. Rc7 Ra8 37. g3 b5 38. axb5 Ra1+ 39. Kg2 Ra2+ 40. Kh3 Rb2 41. b4 Ra2 42. b6 Ra6 43.
b7 Rb6 44. Rd7 1-0

[Event "44th Chess Olympiad Women 2022"]
[Site "Chennai"]
[Date "2022.07.31"]
[Round "3.44"]
[White "Cadeau, Merisena"]
[Black "Rodriguez Arrieta, Maria Elena"]
[Result "0-1"]
[WhiteElo "1439"]
[BlackElo "1849"]
[Annotator "NA RC"]
[PlyCount "76"]
[EventDate "2022.??.??"]
[TimeControl "60"]

1. e4 e5 2. Nf3 Nc6 3. Bc4 Bc5 4. Nc3 Nf6 5. d3 d6 6. Bg5 h6 7. Bh4 Be6 8. Bb3 a6 9. Nd5 Bxd5 10. Bxd5 g5 11. Bxc6+ bxc6 12. Bg3 Rb8 13. Rb1 h5 14. h4 g4 15. Nd2 Qe7 16. Rf1 Qe6 17. Nb3 Bb6 18.
Qe2 Rg8 19. f3 gxf3 20. Qxf3 Ng4 21. c3 Ne3 22. Rf2 Qg6 23.
d4 Qxg3 24. Qxf7+ Kd8 25. Qf6+ Kc8 26. Ke2 Ng4 27. Qf5+ Kb7 28. Rf3 Qxg2+ 29. Kd3 c5 30. Nd2 cxd4 31. Nc4 Ne3 32. Nxe3 dxe3 33. a4 Qd2+ 34. Kc4 e2 35. Rd3 e1=Q 36. Rxe1 Qxe1 37. Qxh5 Qxe4+ 38. Rd4 exd4 0-1

[Event "44th Chess Olympiad Women 2022"]
[Site "Chennai"]
[Date "2022.07.31"]
[Round "3.44"]
[White "Diaz Charpentier, Kristel Meliss"]
[Black "Paul, Theophane"]
[Result "1-0"]
[WhiteElo "1989"]
[BlackElo "1493"]
[Annotator "NA RC"]
[PlyCount "75"]
[EventDate "2022.??.??"]
[TimeControl "60"]

1. Nf3 c5 2. c4 e6 3. d4 Nf6 4. Nc3 d5 5. cxd5 exd5 6. Bg5 Be7 7. dxc5 Be6 8. Rc1 Nbd7 9. e3 Bxc5 10. Bb5 Be7 11. O-O O-O 12. h3 Rc8 13. Qe2 Nc5 14. Rfd1 Nce4 15. Bxf6 Nxf6 16. Nd4 Qd6 17. e4 Qe5 18. Nxe6 fxe6 19. exd5 Qxe2 20. Bxe2 exd5 21. Nxd5 Nxd5 22. Rxc8 Rxc8 23. Rxd5 Rc2 24. Kf1 Rxb2 25. Bc4 g6 26. Rd2+ Kg7 27. Rxb2 b6 28. Rd2 Kf6 29. Rd7 a5 30. g4 h6 31. f4 g5 32. h4 b5 33.
hxg5+ hxg5 34. fxg5+ Kg6 35. Rxe7 bxc4 36. Rc7 c3 37. Rxc3 Kxg5 38. Rc5+ 1-0

[Event "44th Chess Olympiad Women 2022"]
[Site "Chennai"]
[Date "2022.07.31"]
[Round "3.44"]
[White "Ramirez Gonzalez, Maria Jose"]
[Black "Dunat, Kinberlie"]
[Result "1-0"]
[WhiteElo "1809"]
[BlackElo "1398"]
[Annotator "NA RC"]
[PlyCount "61"]
[EventDate "2022.??.??"]
[TimeControl "60"]

1. d4 d5 2. c4 dxc4 3. e3 Bf5 4. Bxc4 e6 5. Nf3 Bd6 6. Nc3 Nf6 7. Qe2 Bg4 8. h3 Bh5 9. O-O c6 10. e4 e5 11. g4 Nxg4 12. hxg4 Bxg4 13.
Kg2 Qd7 14. Rh1 O-O 15. dxe5 Bxf3+ 16. Qxf3 Bxe5 17. Qh5 h6 18. Qxe5 Re8 19. Qg3 Kf8 20. Bf4 Qd4 21. Bb3 Qf6 22. Rad1 g5 23. Bxb8 Raxb8 24. Rd7 Re7 25. Qxb8+ Kg7 26. Rxe7 Qxe7 27. Rd1 g4 28. Qf4 h5 29. Qf5 Kh6 30. Bxf7 Qg5 31. Rd6+ 1-0

[Event "44th Chess Olympiad Women 2022"]
[Site "Chennai"]
[Date "2022.07.31"]
[Round "3.44"]
[White "Seine, Rose Berline"]
[Black "Hernandez Alvarez, Tania Regla"]
[Result "0-1"]
[WhiteElo "1679"]
[BlackElo "2058"]
[Annotator "NA"]
[PlyCount "100"]
[EventDate "2022.??.??"]
[TimeControl "60"]

1. d4 c5 2. Nf3 cxd4 3. Nxd4 Nc6 4. c4 Nf6 5. Nc3 g6 6. b3 Bg7 7. Bb2 O-O 8. e3 Qa5 9. Qd2 Rd8 10. Bd3 Qg5 11. f4 Qh5 12. Nf3 d5 13.
Qe2 Nb4 14. Bb1 dxc4 15. bxc4 Qc5 16. h3 Be6 17. a3 Nc6 18.
Ba2 Nh5 19. Ne4 Qa5+ 20. Kf2 Nxf4 21. exf4 Qb6+ 22. Kg3 Qxb2 23. Qxb2 Bxb2 24. Rab1 Bxa3 25. Rb3 Bb4 26.
Rb2 a5 27. Kf2 h6 28. g4 Nd4 29. Ne5 Rac8 30. Nd3 Bxc4 31. Nxb4 axb4 32. Bxc4 Rxc4 33. Nd2 Rc2 34. Rxc2 Nxc2 35. Ke2 Nd4+ 36. Ke3 f5 37. Rb1 b5 38. Rc1 Kf7 39. Rb1 g5 40. fxg5 hxg5 41. Nb3 Nc2+ 42. Ke2 f4 43. Nc5 Rc8 44. Ne4 Kg6 45. Rd1 Rc4 46. Kf3 Nd4+ 47. Kf2 e5 48. Rb1 b3 49. Rd1 b2 50. Nd2 Rc1 0-1

[Event "44th Chess Olympiad Women 2022"]
[Site "Chennai"]
[Date "2022.07.31"]
[Round "3.45"]
[White "Psaila, Uranchimeg"]
[Black "Noshin, Anjum"]
[Result "0-1"]
[WhiteElo "1395"]
[BlackElo "2027"]
[Annotator "NA RC"]
[PlyCount "116"]
[EventDate "2022.??.??"]
[TimeControl "60"]

1. d4 d5 2. Bf4 Nf6 3. e3 e6 4. Nd2 Bd6 5. Bg3 c5 6. c3 O-O 7. Bd3 Qc7 8. Ngf3 Nbd7 9. e4 dxe4 10. Nxe4 Nxe4 11. Bxe4 Nf6 12. Bc2 Rd8 13. Qe2 Bd7 14. O-O Bxg3 15. hxg3 a6 16. a4 Rac8 17. dxc5 Qxc5 18. Rfd1 Qh5 19. Rd4 Bc6 20. Rad1 Rxd4 21. Rxd4 g6 22. Qe5 Qxe5 23. Nxe5 Kf8 24. f3 Ke7 25. Kf2 Nd7 26. Nc4 Bd5 27. Ne3 Bc6 28. b3 h5 29. c4 a5 30. Nd1 Nc5 31. Rd2 b6 32. Nb2 Rc7 33.
Nd3 Rd7 34. Ke3 Nxd3 35. Rxd3 Rxd3+ 36. Bxd3 Kd6 37. Kd4 e5+ 38. Kc3 Kc5 39. Bc2 Bb7 40. Bd3 Bc6 41. Bc2 f5 42. Bd3 e4 43. Be2 exf3 44. gxf3 g5 45. Bd1 g4 46. fxg4 hxg4 47. Kd3 Be4+ 48. Ke3 Bb1 49. Be2 Bc2 50. Kf4 Kd4 51. Bf1 Bxb3 52. Kxf5 Bxa4 53. Kxg4 Bd7+ 54. Kf4 a4 55. Be2 a3 56. g4 Bxg4 57. Kxg4 a2 58.
Kf3 a1=Q 0-1

[Event "44th Chess Olympiad Women 2022"]
[Site "Chennai"]
[Date "2022.07.31"]
[Round "3.45"]
[White "Sultana, Sharmin Shirin"]
[Black "Thornton, Filipina"]
[Result "1-0"]
[WhiteElo "1995"]
[BlackElo "1661"]
[Annotator "NA RC"]
[PlyCount "95"]
[EventDate "2022.??.??"]
[TimeControl "60"]

1. d4 Nf6 2. c4 g6 3. Nc3 Bg7 4. e4 d6 5. Be2 O-O 6. Bg5 c5 7. d5 h6 8. Be3 a6 9. h3 Qa5 10. Qd2 Kh7 11. Nf3 Nbd7 12. O-O Ng8 13. Bd3 Ne5 14. Nxe5 Bxe5 15. f4 Bxc3 16. bxc3 f5 17. e5 b5 18. Rab1 Bd7 19. Rb2 bxc4 20.
Bxc4 Bb5 21. Bd3 Bxd3 22. Qxd3 Rfb8 23. Rfb1 Rxb2 24. Rxb2 Qc7 25. exd6 exd6 26. Qb1 Ra7 27. Rb8 Qe7 28. Bf2 Nf6 29. c4 Ne4 30. Be1 Qg7 31. Qb6 Qe7 32. Qc6 Nf6 33. Bf2 Ne4 34. Qc8 Qg7 35. Bh4 Rc7 36. Qd8 Rb7 37. Rc8 Rd7 38. Qe8 Qa1+ 39. Kh2 Qg7 40. Qe6 Rb7 41. Re8 a5 42. Be7 h5 43. Bxd6 Nxd6 44. Qxd6 Qd4 45. Qe5 Qxe5 46. fxe5 Kg7 47. Rc8 Rb2 48. d6 1-0

[Event "44th Chess Olympiad Women 2022"]
[Site "Chennai"]
[Date "2022.07.31"]
[Round "3.45"]
[White "Talukder, Umme Taslima Protiv"]
[Black "Stagno, Milena"]
[Result "1-0"]
[WhiteElo "1769"]
[BlackElo "1448"]
[Annotator "NA RC"]
[PlyCount "125"]
[EventDate "2022.??.??"]
[TimeControl "60"]

1. d4 d5 2. c4 c6 3. Nc3 e6 4. Nf3 Nf6 5. Bg5 Be7 6. e3 Nbd7 7. cxd5 exd5 8.
Bd3 O-O 9. O-O Ne4 10. Bf4 Ndf6 11. Qc2 Bf5 12. Nh4 Nxc3 13. Nxf5 Nce4 14. Be5 Re8 15. Rae1 h6 16. f3 Nd6 17. Nxe7+ Qxe7 18. e4 Nd7 19. exd5 cxd5 20. Bg3 Qf6 21. Qa4 Nb6 22. Qb4 Ndc4 23. Bf2 a5 24. Qb5 Rec8 25. Re2 Qd8 26. Rfe1 Nd6 27. Qb3 a4 28. Qb4 Qc7 29. Bg3 Nbc4 30. b3 axb3 31. axb3 Qa5 32. Qxa5 Nxa5 33. Bxd6 Nxb3 34. Bc5 g6 35. Rb2 Ra1 36. Rxa1 Nxa1 37. Rxb7 Kg7 38. Kf2 Kf6 39. f4 h5 40. h3 Ra8 41. Be7+ Ke6 42. g4 hxg4 43. hxg4 f5 44. gxf5+ gxf5 45. Bc5 Ra2+ 46. Kf3 Nc2 47. Rb6+ Kf7 48. Bxf5 Ne1+ 49. Kg3 Rg2+ 50. Kh3 Re2 51. Bg6+ Kg7 52. f5 Re3+ 53. Kh2 Nf3+ 54. Kg2 Nh4+ 55. Kf2 Rf3+ 56. Ke2 Rf4 57. Rb7+ Kh8 58. Bd6 Re4+ 59. Kd3 Nf3 60. Be5+ Nxe5+ 61. dxe5 Rxe5 62. f6 Re1 63. Rb8+ 1-0

[Event "44th Chess Olympiad Women 2022"]
[Site "Chennai"]
[Date "2022.07.31"]
[Round "3.46"]
[White "Al Balushi, Mariya"]
[Black "Bacic, Kristina"]
[Result "0-1"]
[WhiteElo "1660"]
[BlackElo "1866"]
[Annotator "NA RC"]
[PlyCount "50"]
[EventDate "2022.??.??"]
[TimeControl "60"]

1. e4 c5 2. b3 Nf6 3. Nc3 d6 4. h3 g6 5. Bb2 Bg7 6. Bc4 Nxe4 7. Qf3 Ng5 8.
Qe2 Ne6 9. Nf3 O-O 10. O-O Nc6 11. Rad1 Ned4 12. Nxd4 cxd4 13. Na4 a6 14. Bd5 Nb4 15. Qc4 Qa5 16. Bf3 b5 17. Qe2 Ra7 18. c3 bxa4 19. cxb4 Qxb4 20. Qc4 a5 21. Qxb4 axb4 22. bxa4 Rxa4 23. Ra1 Be6 24. Bd1 Rxa2 25. Re1 Rxb2 0-1

[Event "44th Chess Olympiad Women 2022"]
[Site "Chennai"]
[Date "2022.07.31"]
[Round "3.46"]
[White "Koljevic, Nikolina"]
[Black "Al Aisaee, Anat"]
[Result "1-0"]
[WhiteElo "2014"]
[BlackElo "1681"]
[Annotator "NA"]
[PlyCount "73"]
[EventDate "2022.??.??"]
[TimeControl "60"]

1. e4 c5 2. Nf3 a6 3. Nc3 Nc6 4. d4 cxd4 5. Nxd4 e5 6. Nf5 d6 7. Ne3 Nf6 8. Bc4 b5 9. Bd5 Bb7 10. O-O Be7 11. Nf5 O-O 12. Qf3 Re8 13.
Qg3 g6 14. Nh6+ Kf8 15. Nxf7 Qb8 16. Nxe5 Kg7 17. Nxc6 Qc7 18. Nd4 Kh8 19. Bf7 Bf8 20. Bxe8 Rxe8 21. f3 Nh5 22. Qg5 Bg7 23. Nb3 Re5 24. Qh4 Nf6 25. Bg5 Nd7 26. Rad1 Re8 27. Nd5 Bxd5 28. Rxd5 Re6 29. Qh3 Re8 30. Rfd1 Bf8 31. Bf4 Qa7+ 32. Kf1 Nf6 33. R5d4 Nh5 34. Bxd6 Bxd6 35. Rxd6 Re7 36. Qc8+ Kg7 37. Rd7 1-0

[Event "44th Chess Olympiad Women 2022"]
[Site "Chennai"]
[Date "2022.07.31"]
[Round "3.46"]
[White "Popovic, Mateja"]
[Black "Al Bulushi, Rawan"]
[Result "1/2-1/2"]
[WhiteElo "1634"]
[BlackElo "1442"]
[Annotator "NA"]
[PlyCount "54"]
[EventDate "2022.??.??"]
[TimeControl "60"]

1. d4 d5 2. c4 e6 3. Nc3 Nf6 4. Bg5 Be7 5. e3 h6 6. Bh4 O-O 7. Nf3 b6 8. Rc1 Bb7 9. cxd5 Nxd5 10. Bg3 Nxc3 11. bxc3 c5 12. Bd3 Nd7 13. O-O Nf6 14. Nd2 Qd5 15. f3 Qd7 16. Nc4 Qc8 17. Bd6 Bxd6 18.
Nxd6 Qc7 19. dxc5 bxc5 20. Nxb7 Qxb7 21. c4 Rfd8 22. Qc2 Rab8 23. Rf2 Qc7 24. Rd2 Rd7 25. Rb1 Rbd8 26. Rbd1 Rd6 27. Kf2 e5 1/2-1/2

[Event "44th Chess Olympiad Women 2022"]
[Site "Chennai"]
[Date "2022.07.31"]
[Round "3.47"]
[White "Castro, Neusa Aridas De"]
[Black "Vargas, Gabriela"]
[Result "0-1"]
[WhiteElo "1531"]
[BlackElo "2140"]
[Annotator "RC"]
[PlyCount "152"]
[EventDate "2022.??.??"]
[TimeControl "60"]

1. e4 d5 2. exd5 Nf6 3. d4 Nxd5 4. Nf3 Bg4 5. Be2 e6 6. O-O Be7 7. Nbd2 O-O 8. c3 Nf4 9. Bc4 Nd7 10. Ne4 Nb6 11. Bb3 Nfd5 12. h3 Bh5 13.
Ng3 Bg6 14. Ne5 c5 15. Nxg6 hxg6 16. Ne4 c4 17. Bc2 Nd7 18. Qf3 Qc7 19. Qe2 b5 20. Ng5 Bxg5 21. Bxg5 Rfe8 22. Rfe1 a5 23. a3 N7b6 24. h4 f5 25. Qf3 Qf7 26. Re2 Na4 27. Bxa4 bxa4 28. Rae1 Rab8 29. Qg3 Rb6 30. Qe5 Reb8 31. Bc1 R8b7 32. Qg3 Kh7 33. Qf3 Kg8 34. Re5 Rd6 35. Qe2 Rc7 36. Rxe6 Rxe6 37. Qxe6 Qxe6 38. Rxe6 Kf7 39. Ra6 Rb7 40. Kh2 Rb5 41. Rc6 Nb6 42. Kg3 g5 43. hxg5 g6 44. Kf3 Kg7 45. Rc5 Rxc5 46. dxc5 Nd7 47. Be3 Ne5+ 48. Kf4 Nd3+ 49. Kg3 Kf7 50. Kf3 Ke6 51. Ke2 Kd5 52. f3 Nxb2 53. Bd4 Nd3 54. g3 Kc6 55. f4 Kd5 56. Kf3 Ne1+ 57. Ke2 Nc2 58. g4 fxg4 59. f5 Nxa3 60.
fxg6 Ke6 61. Kd2 g3 62. g7 Kf7 63. g6+ Kg8 64. Kc1 Nb5 65.
Bg1 Kxg7 66. Kb2 Kxg6 67. c6 Kf5 68. c7 Nxc7 69. Ka3 Nb5+ 70. Kxa4 Nxc3+ 71. Ka3 Ne2 72. Bb6 g2 73. Bc5 g1=Q 74. Bxg1 Nxg1 75. Ka4 c3 76. Kb3 Ne2 0-1

[Event "44th Chess Olympiad Women 2022"]
[Site "Chennai"]
[Date "2022.07.31"]
[Round "3.47"]
[White "Mayeregger Gonzalez, Renata"]
[Black "Andre, Chineva Rufino"]
[Result "1-0"]
[WhiteElo "1479"]
[BlackElo "1171"]
[Annotator "NA RC"]
[PlyCount "109"]
[EventDate "2022.??.??"]
[TimeControl "60"]

1. e4 e5 2. Nf3 Nc6 3. d4 exd4 4. Nxd4 Bc5 5. Nxc6 Qf6 6.
Qf3 Qxf3 7. gxf3 dxc6 8. Be3 Bxe3 9. fxe3 Nf6 10. Nc3 Be6 11.
Bd3 O-O-O 12. Rg1 g6 13. f4 h5 14. O-O-O Ng4 15. f5 Bd7 16.
h3 Nf2 17. Rdf1 Nxd3+ 18. cxd3 gxf5 19. exf5 Rhg8 20. e4 b5 21. Ne2 c5 22. Nf4 h4 23. Nd5 Kb7 24. Rxg8 Rxg8 25. Nf6 Rd8 26. Nxd7 Rxd7 27. Kc2 f6 28. Rf4 Rh7 29. Rg4 Rh5 30. Rg6 Kc8 31. Rxf6 Rg5 32. Rh6 a5 33. Rxh4 a4 34. Rg4 Rh5 35. h4 Rh8 36. f6 Kd7 37. Rg7+ Kd6 38. Rg4 Ke6 39. Rf4 b4 40. f7 Rf8 41. h5 Rxf7 42. Rxf7 Kxf7 43. e5 Ke6 44. h6 Kf7 45. e6+ Kxe6 46.
h7 Kd5 47. h8=Q c6 48. a3 b3+ 49. Kc3 Kd6 50. Kc4 Kd7 51. Qf6 Kc7 52. Kxc5 Kd7 53. Qf7+ Kd8 54. Kd6 c5 55. Qg8# 1-0

[Event "44th Chess Olympiad Women 2022"]
[Site "Chennai"]
[Date "2022.07.31"]
[Round "3.47"]
[White "Oviedo Acosta, Paula"]
[Black "Vilhete, Vania Fausto Da T."]
[Result "0-1"]
[WhiteElo "1855"]
[BlackElo "1701"]
[Annotator "NA"]
[PlyCount "94"]
[EventDate "2022.??.??"]
[TimeControl "60"]

1. e4 c5 2. Nf3 d6 3. d4 cxd4 4. Nxd4 Nf6 5. Nc3 a6 6. Bg5 e6 7. f4 h6 8. Bh4 Be7 9. Qf3 Qc7 10. Bf2 Nbd7 11. g4 b5 12. Rg1 b4 13.
Nd1 Bb7 14. Bd3 Nc5 15. Qe2 Nfxe4 16. Ne3 Bf6 17. Nf1 Nxf2 18. Qxf2 Nxd3+ 19. cxd3 Qc5 20. Nb3 Qxf2+ 21. Kxf2 Bxb2 22. Rb1 Bc3 23. Ne3 Ke7 24. Rgc1 a5 25. Rc2 Ba6 26. Ke2 a4 27. Nc1 Rhc8 28. Kf3 Rab8 29. Re2 Kd7 30. Nd1 d5 31. h4 d4 32. Nf2 Bb7+ 33. Kg3 Bd5 34. Ne4 b3 35. axb3 axb3 36. Nxb3 Rxb3 37. Rxb3 Bxb3 38. f5 Bd5 39. fxe6+ fxe6 40. Nf2 Bb4 41. g5 hxg5 42. hxg5 Rf8 43. Ng4 Bd6+ 44. Ne5+ Bxe5+ 45. Rxe5 Rf3+ 46.
Kg4 Rxd3 47. Kh5 Re3 0-1

[Event "44th Chess Olympiad Women 2022"]
[Site "Chennai"]
[Date "2022.07.31"]
[Round "3.47"]
[White "Sitoe, Cheila Andre"]
[Black "Perez, Dalila"]
[Result "0-1"]
[WhiteElo "1574"]
[BlackElo "1799"]
[Annotator "NA RC"]
[PlyCount "126"]
[EventDate "2022.??.??"]
[TimeControl "60"]

1. e4 e6 2. Nf3 d5 3. Nc3 d4 4. Ne2 c5 5. Ng3 Nc6 6. Bb5 Bd7 7. O-O h5 8. Ne2 Nf6 9. d3 Be7 10. Bf4 Ng4 11. h3 g5 12. Bd2 Nh6 13. Bxc6 Bxc6 14. Ne5 Qc7 15. Nxc6 Qxc6 16. c3 dxc3 17. Bxc3 f6 18. Rc1 O-O-O 19. b4 Qa6 20. Qb3 Rxd3 21. bxc5 e5 22. c6 Qxc6 23. Qb1 Qa6 24. Bxe5+ Kd8 25. Rfd1 Rxd1+ 26. Rxd1+ Ke8 27. Qc2 Kf7 28. Bb2 Rd8 29. Qb3+ Qe6 30. Qxe6+ Kxe6 31. Rxd8 Bxd8 32. f3 Bb6+ 33.
Kf1 Ng8 34. Ng3 h4 35. Nf5 Ne7 36. Nxe7 Kxe7 37. Ke2 Ke6 38. Kd3 Bc7 39. Kc4 Be5 40. Bc1 Kd6 41. Be3 a6 42. a4 Kc6 43. a5 Bc7 44. Bd4 Bxa5 45.
Bxf6 Bd2 46. Bd4 b5+ 47. Kb3 a5 48. Kc2 Bf4 49. Kb3 a4+ 50.
Kb4 Bd6+ 51. Kc3 b4+ 52. Kb2 Be7 53. Ka2 Kb5 54. Kb2 Kc4 55.
Bg7 a3+ 56. Kb1 b3 57. e5 Kd5 58. Kc1 Ke6 59. Bh8 Bc5 60. Bf6 a2 61. Kb2 Bd4+ 62. Kxb3 a1=Q 63. Bxg5 Qc3+ 0-1

[Event "44th Chess Olympiad Women 2022"]
[Site "Chennai"]
[Date "2022.07.31"]
[Round "3.48"]
[White "Heba, Assi"]
[Black "Ofowino, Toritsemuwa"]
[Result "0-1"]
[WhiteElo "1449"]
[BlackElo "1870"]
[Annotator "NA"]
[PlyCount "90"]
[EventDate "2022.??.??"]
[TimeControl "60"]

1. d4 d5 2. Nf3 c6 3. e3 Nf6 4. Bd3 Bg4 5. c4 e6 6. Qb3 Qb6 7. Bd2 Nbd7 8. Nc3 Be7 9. h3 Bh5 10. Ne2 Bg6 11. Bxg6 hxg6 12. c5 Qxb3 13. axb3 Ne4 14. Ba5 O-O 15. Bc7 Nb8 16. Bh2 Na6 17. Ra4 Bd8 18. Nc3 Nxc3 19. bxc3 Bc7 20. Ne5 g5 21. O-O f6 22. Nd3 Bxh2+ 23. Kxh2 Nc7 24. Rfa1 a6 25. Rb4 Rab8 26. Nb2 Rfe8 27. Na4 a5 28. Rb6 Na8 29. Kg1 e5 30. Kf1 exd4 31. cxd4 f5 32. Ke2 f4 33. Rb1 Re7 34. b4 Nxb6 35. Nxb6 fxe3 36. fxe3 Rbe8 37. Rb3 axb4 38. Na4 Kf7 39. Nb2 Ra8 40. Rxb4 Ra2 41. Kd2 Ke8 42. Rb3 Kd8 43. Rc3 Rxb2+ 44. Kd3 Rxg2 45. Rc1 Rg3 0-1

[Event "44th Chess Olympiad Women 2022"]
[Site "Chennai"]
[Date "2022.07.31"]
[Round "3.48"]
[White "Ogbiyoyo, Perpetual Eloho"]
[Black "Eman Sawan"]
[Result "1-0"]
[WhiteElo "1886"]
[BlackElo "1847"]
[Annotator "NA"]
[PlyCount "81"]
[EventDate "2022.??.??"]
[TimeControl "60"]

1. e4 e6 2. d4 d5 3. Nd2 Nf6 4. e5 Nfd7 5. Bd3 c5 6. c3 Nc6 7. Ne2 Qb6 8. Nf3 cxd4 9. cxd4 Bb4+ 10. Bd2 Bxd2+ 11. Qxd2 f6 12. exf6 Nxf6 13. O-O O-O 14. Ng3 Bd7 15. Rfe1 Rae8 16. a3 e5 17. dxe5 Ng4 18. Bf1 Kh8 19. Nh1 Ncxe5 20. Nxe5 Nxe5 21. Qxd5 Bc6 22. Qd6 Rf6 23. Qb4 Qc7 24. Rad1 Ref8 25. Qd4 Ng6 26. Re3 Rf4 27. Qc3 Qf7 28. f3 Nh4 29. Ng3 Rxf3 30. gxf3 Nxf3+ 31. Rxf3 Bxf3 32. Rd2 h5 33. Qd4 Qe7 34. h4 Qe1 35. Rf2 Qc1 36. Nxh5 Qh6 37. Qe5 Kg8 38. Bc4+ Kh7 39. Qg5 Qxg5+ 40. hxg5 g6 41. Nf6+ 1-0

[Event "44th Chess Olympiad Women 2022"]
[Site "Chennai"]
[Date "2022.07.31"]
[Round "3.48"]
[White "Taqwa, Hamouri"]
[Black "Onoja, Iyefu Joy"]
[Result "1-0"]
[WhiteElo "1214"]
[BlackElo "1869"]
[Annotator "NA"]
[PlyCount "75"]
[EventDate "2022.??.??"]
[TimeControl "60"]

1. e4 e6 2. d4 d5 3. exd5 exd5 4. Nf3 Nf6 5. c4 Be7 6. Bd3 Nc6 7. Be3 Nb4 8. Be2 Bf5 9. Na3 c6 10. c5 Ng4 11. Bf4 b6 12. h3 Nf6 13.
Be3 bxc5 14. dxc5 Qa5 15. O-O Bxc5 16. Nd4 Bxd4 17. Qxd4 O-O 18. Rac1 Ne4 19. Qe5 Bg6 20. Bf3 Nd3 21. Qe7 Rfe8 22. Qd7 Nxc1 23. Rxc1 Qb4 24. Nc2 Qxb2 25. Bxe4 Bxe4 26. Nd4 Rad8 27. Qxa7 Ra8 28. Qd7 Qxa2 29. Nxc6 Qa3 30. Nd4 Rad8 31. Qg4 Bg6 32. Rd1 Re4 33. Qg3 Bh5 34. Rb1 Rde8 35. Nf5 Bg6 36. Nd6 R4e6 37. Nxe8 Bxb1 38. Qxg7# 1-0

[Event "44th Chess Olympiad Women 2022"]
[Site "Chennai"]
[Date "2022.07.31"]
[Round "3.49"]
[White "Antonio, Renelsa Taiane"]
[Black "Reifer-Belle, Chanon"]
[Result "1-0"]
[WhiteElo "1471"]
[BlackElo "1213"]
[Annotator "NA"]
[PlyCount "129"]
[EventDate "2022.??.??"]
[TimeControl "60"]

1. e4 e5 2. Nf3 Nc6 3. Bb5 a6 4. Ba4 Nf6 5. d3 b5 6. Bb3 Be7 7. c3 d6 8. h3 Na5 9. Bc2 c5 10. Nbd2 O-O 11. O-O Re8 12. Re1 Bf8 13. Nf1 h6 14. Ng3 Nc6 15. Qe2 Qc7 16. Be3 Bb7 17. Nh2 Ne7 18. Qf3 Kh7 19. Nf5 Nfg8 20. Ng4 Nxf5 21. Qxf5+ g6 22. Nf6+ Nxf6 23. Qxf6 Bg7 24. Qh4 Qe7 25. Qxe7 Rxe7 26. Kh2 Rc8 27. g4 Rcc7 28. a4 b4 29. a5 Bc8 30. Bb3 Be6 31. Bxe6 Rxe6 32. cxb4 cxb4 33. Rec1 Rd7 34. Ra4 d5 35. Bb6 Bf8 36. Raa1 Be7 37. Rc2 Bd8 38. Bxd8 Rxd8 39. Rc7 Rf6 40. Rc2 Rf3 41. Ra4 dxe4 42. dxe4 b3 43. Re2 Rdd3 44. Rb4 Rxh3+ 45. Kg2 Rh4 46. f3 f5 47. Rb7+ Kg8 48. exf5 gxf5 49. Rxe5 Rd8 50. gxf5 Rc4 51. Rxb3 Rd2+ 52. Kg3 Rcc2 53. Re8+ Kf7 54. Reb8 Rg2+ 55. Kf4 Rc4+ 56. Ke3 Rg5 57. R3b7+ Kf6 58. Rf8+ Ke5 59. f4+ Rxf4 60. Re7+ Kd6 61. Re6+ Kd7 62. Kxf4 Rg2 63. Rf7+ Kd8 64. Rxh6 Ke8 65. Rb7 1-0

[Event "44th Chess Olympiad Women 2022"]
[Site "Chennai"]
[Date "2022.07.31"]
[Round "3.49"]
[White "Blackman, Katrina"]
[Black "Caxita, Esperanca"]
[Result "0-1"]
[WhiteElo "1691"]
[BlackElo "1955"]
[Annotator "NA RC"]
[PlyCount "92"]
[EventDate "2022.??.??"]
[TimeControl "60"]

1. d4 d5 2. Nf3 Nf6 3. Bf4 e6 4. e3 c5 5. c3 Nc6 6. Nbd2 Bd6 7. dxc5 Bxf4 8. exf4 Nd7 9. Nb3 Qe7 10. Bd3 Nxc5 11. Nxc5 Qxc5 12. O-O h6 13. Re1 O-O 14. Ne5 Nxe5 15. fxe5 f6 16. exf6 Rxf6 17. Re3 Bd7 18. Rf3 Raf8 19. Rxf6 Rxf6 20. Qe2 b6 21. Re1 e5 22. Qe3 e4 23. Qxc5 bxc5 24. Bc2 Ra6 25. Bb1 Kf7 26. h3 Kf6 27. c4 Bc6 28.
cxd5 Bxd5 29. b3 c4 30. bxc4 Bxc4 31. Rxe4 Bxa2 32. Bxa2 Rxa2 33. f3 a5 34. Kf1 a4 35. Re8 a3 36. Ra8 Ke5 37. Ra7 Kd4 38.
Rxg7 Rc2 39. Rd7+ Ke5 40. Re7+ Kf6 41. Re1 a2 42. Kg1 Rb2 43. Kh2 Rb1 44. Re4 a1=Q 45. Kg3 Rb2 46. Rh4 Qe1+ 0-1

[Event "44th Chess Olympiad Women 2022"]
[Site "Chennai"]
[Date "2022.07.31"]
[Round "3.49"]
[White "Eversley, Kiarra"]
[Black "Pires, Luzia"]
[Result "0-1"]
[WhiteElo "1356"]
[BlackElo "1842"]
[Annotator "NA"]
[PlyCount "147"]
[EventDate "2022.??.??"]
[TimeControl "60"]

1. e4 c5 2. Nf3 d6 3. d4 cxd4 4. Nxd4 Nf6 5. Nc3 g6 6. Be2 Bg7 7. Be3 Nc6 8. Qd2 Nxd4 9. Bxd4 Bd7 10. f3 a6 11. Be3 h5 12. O-O-O b5 13.
Nd5 Nxd5 14. exd5 a5 15. Rhe1 b4 16. Kb1 O-O 17. g4 hxg4 18.
fxg4 a4 19. Bh6 b3 20. cxb3 axb3 21. a3 Qa5 22. Bxg7 Qxd2 23. Rxd2 Kxg7 24. g5 Rfb8 25. Bc4 Kf8 26. Re3 Bf5+ 27. Bd3 Bd7 28. Rf2 Ra5 29. Bc4 Bf5+ 30. Kc1 Rc5 31. Rc3 Be4 32. Rd2 e6 33. dxe6 d5 34. e7+ Kxe7 35. Bf1 Rbc8 36. Rxc5 Rxc5+ 37. Kd1 f6 38. gxf6+ Kxf6 39. Bg2 Bc2+ 40. Ke1 Ke5 41. Kf2 d4 42. Bf1 Ke4 43. Bg2+ Ke5 44. Bf1 Rc7 45. Re2+ Kd5 46. Bg2+ Kc4 47. Rd2 Rf7+ 48. Ke1 Ra7 49. Bf1+ Kc5 50. Bd3 Bxd3 51. Rxd3 Kc4 52. Rg3 Rxa3 53. Rxg6 Ra2 54. Rg2 Kd3 55. Rd2+ Ke3 56. Re2+ Kf3 57. Rf2+ Ke4 58. Re2+ Kd5 59. Rd2 Ra1+ 60. Rd1 Ra7 61. Ke2 Rh7 62. Rh1 Rh3 63. Kf2 d3 64. Kg2 Re3 65. h4 Re2+ 66. Kf3 Rxb2 67. h5 Ra2 68. Ke3 Kc4 69. h6 b2 70. h7 Ra8 71. Kd2 Rh8 72. Rb1 Rxh7 73. Rxb2 Rh2+ 74. Kc1 0-1

[Event "44th Chess Olympiad Women 2022"]
[Site "Chennai"]
[Date "2022.07.31"]
[Round "3.49"]
[White "Junior, Ednasia"]
[Black "Wilson, Hannah"]
[Result "1-0"]
[WhiteElo "1849"]
[BlackElo "1556"]
[Annotator "NA RC"]
[PlyCount "52"]
[EventDate "2022.??.??"]
[TimeControl "60"]

1. c4 c6 2. Nc3 d5 3. d4 Nf6 4. Bf4 Bf5 5. e3 e6 6. Nf3 Bd6 7. Ne5 O-O 8. g4 Bxe5 9. dxe5 Nxg4 10. h3 Nh6 11. Bxh6 gxh6 12. Rg1+ Bg6 13. Qh5 Qc7 14. Qxh6 Qxe5 15. O-O-O Na6 16. h4 Kh8 17. Be2 Rg8 18. Rg3 Qg7 19. Qf4 Qf8 20. Rdg1 Qe7 21. Qh6 Qf8 22. Qf4 Qe7 23. h5 Bf5 24. f3 Nc5 25. e4 dxc4 26. exf5 e5 1-0